woodfighter, chaotic female orcish Cavewoman ---- |..- --.f.| .|...@|. .--...)%q. .)....*.-- -....).. |.....-- ----...-- |....-- |-....| --.....| |..<..-- --.|..| ------ woodfighter the Young Cave Woman Experience level: 8 Strength: 18/03 Dexterity: 15 Constitution: 17 Intelligence: 9 Wisdom: 11 Charisma: 6 Health: 0(64) Energy: 34(34) Def: 8 Gold: 27 Moves: 8322 Dungeon seed: c6csrxdznsh_wJPQ Game ID: woodfighter_1499031914 Your Inventory: Coins $ - 27 gold pieces Weapons a - a +1 club (weapon in hand) b - a +2 sling (alternate weapon; not wielded) Armor n - an uncursed +0 orcish helm (being worn) q - a blessed +0 dwarvish cloak r - an uncursed +0 orcish shield (being worn) z - an uncursed +0 dwarvish cloak C - an uncursed +0 dwarvish mithril-coat (being worn) X - an uncursed +0 pair of kicking boots (being worn) Y - an uncursed +0 cloak of invisibility Comestibles t - 2 uncursed eucalyptus leaves v - an uncursed sprig of wolfsbane T - an uncursed candy bar Potions p - an uncursed potion of object detection u - an uncursed potion of gain energy Rings R - an uncursed ring of see invisible (on left hand) Wands S - a wand of striking (0:5) Tools m - an uncursed lock pick s - an uncursed bag of holding w - a +0 pick-axe y - an uncursed skeleton key B - an uncursed towel Gems e - 8 uncursed flints (in quiver) Contents of the bag of holding: a [uncursed] scroll of create monster Spells and supernatural/magical abilities: Name Level Category Fail Memory W - pray for help -- divine ? -- Your skills at the end: Miscellaneous Skills bare handed combat [Basic] Weapon Skills scimitar [Basic] club [Basic] sling [Basic] Spellcasting Skills Final Attributes: You were piously aligned. You were poison resistant. Your writing hand was ok. You saw invisible. You were telepathic. You had infravision. You were very stealthy. You were fast. You are dead. Vanquished creatures: a giant mimic a large mimic 4 wargs a small mimic a large dog a tengu a giant beetle 2 wolves a leprechaun a giant spider a scorpion 2 gnome kings an orc mummy a dwarf mummy a werewolf a dingo a dwarf lord a blue jelly 2 dust vortices a human zombie a rope golem a baby crocodile a wood nymph 3 Mordor orcs a rock mole 2 ponies a fog cloud a violet fungus 8 gnome lords 4 gnomish wizards 4 golden naga hatchlings a giant ant 3 floating eyes 8 dwarves 2 kobold lords a kobold shaman an iguana 2 hill orcs 7 rothes 2 jitterbugs a monkey 4 orc zombies 4 dwarf zombies a wererat a werejackal 2 killer bees 4 coyotes a gas spore 6 hobbits 2 acid blobs 3 large kobolds 3 geckos a hobgoblin 4 giant rats a cave spider 4 brown molds 2 yellow molds 4 green molds 33 gnomes 14 garter snakes 7 manes 3 gnome zombies 9 jackals 5 foxes 4 kobolds 10 newts 3 goblins 4 sewer rats 10 grid bugs a bat 6 lichens 2 kobold zombies 239 creatures vanquished. Voluntary challenges: You did not cause conflict. You did not have reflection. You were not displaced. You used a wielded weapon 365 times, starting on turn 63. You did not apply a unicorn horn. You did not use plumbed fixtures. You did not drink any magical draughts. You read items or engraved 3 times, starting on turn 1406. You never genocided any monsters. You never polymorphed an object. You never changed form. You completed Sokoban on turn 5206, according to the rules. You used no wishes. You never split a pudding. You never wrote Elbereth's name. You never violated your personal moral code. Dungeon overview: The Dungeons of Doom: levels 1 to 7 Level 1 a long staircase Level 2 a general store, an altar to Ishtar, some fountains Level 3 (vault) Level 4 (locked box) some fountains stairs to The Gnomish Mines Level 5 an altar to Ishtar, some fountains Level 6 many fountains Level 7 (locked boxes) stairs to Sokoban The Gnomish Mines: levels 5 to 9 Level 5 stairs to The Dungeons of Doom Level 6 Level 7 Level 8 many shops, a temple to Anshar, a magic chest, some fountains Level 9 <- You were here Sokoban: levels 3 to 6 Level 3 a magic chest Level 4 Level 5 a fountain Level 6 an altar to Anshar, a magic chest stairs to The Dungeons of Doom History has recorded: On T:1 you entered the Dungeons of Doom to retrieve the Amulet of Yendor! On T:197 you reached level 2 of The Dungeons of Doom. On T:349 you reached level 3 of The Dungeons of Doom. On T:554 you advanced to experience level 2. On T:900 you reached level 4 of The Dungeons of Doom. On T:1138 you reached level 1 of The Gnomish Mines. On T:1141 you advanced to experience level 3. On T:1298 you reached level 5 of The Dungeons of Doom. On T:1445 you reached level 6 of The Dungeons of Doom. On T:1516 you advanced to experience level 4. On T:2207 you reached level 7 of The Dungeons of Doom. On T:2279 you reached level 4 of Sokoban. On T:2339 you advanced to experience level 5. On T:2769 you opened a magic chest. On T:2862 you advanced to experience level 6. On T:2871 you reached level 3 of Sokoban. On T:3499 you reached level 2 of Sokoban. On T:4040 you reached level 1 of Sokoban. On T:5206 you advanced to experience level 7. On T:5206 you entered the Sokoban zoo. On T:5883 you reached level 2 of The Gnomish Mines. On T:6596 you reached level 3 of The Gnomish Mines. On T:6754 you advanced to experience level 8. On T:7144 you reached level 4 of The Gnomish Mines. On T:7459 you entered the Minetown temple On T:7625 you prayed to Anshar. On T:8165 you reached level 5 of The Gnomish Mines. Score breakdown: Gold: 27 ( 2 points) Experience: 8 levels ( 700 points) Exploration: 9 levels ( 240 points) Discoveries: 20 items ( 1000 points) Variety of kills: 72 monsters ( 2000 points) Major goal: finished Sokoban ( 1000 points) Survival: died (score multiplied by 3) Total score: 14826 Latest messages: You are stuck to the web. You stop exploring. You are stuck to the web. The gnome is killed! You are stuck to the web. You stop exploring. You are stuck to the web. You stop exploring. You are stuck to the web. You stop exploring. You are stuck to the web. You stop exploring. You are stuck to the web. You stop exploring. You are stuck to the web. You hear some noises. The gnome is killed! You are stuck to the web. You disentangle yourself. There are several objects here. The large cat drops a crossbow. You stop exploring. You hit the leocrotta! The leocrotta claws you! The leocrotta bites! The leocrotta claws you! You die... Final status: Goodbye woodfighter the Cavewoman, killed by a leocrotta... You died in The Gnomish Mines on dungeon level 9 with 14826 points, and 27 pieces of gold, after 8322 moves. You were level 8 with a maximum of 64 hit points when you died.